 Dungeon Crawl Stone Soup version 0.23.0 (webtiles) character file.

Game seed: 15546512937189336691

216 Borgoz the Ruffian (level 5, -3/46 HPs)
             Began as a Ghoul Gladiator on Feb 16, 2019.
             Killed from afar by Sigmund (6 damage)
             ... with a magic dart
             ... on level 2 of the Dungeon.
             The game lasted 00:05:30 (1735 turns).

Borgoz the Ruffian (Ghoul Gladiator)                Turns: 1735, Time: 00:05:32

Health: -3/46      AC:  4    Str: 18    XL:     5   Next: 93%
Magic:  4/4        EV: 13    Int:  3    God:
Gold:   119        SH:  0    Dex: 11    Spells: 4/4 levels left

rFire    . . .     SeeInvis .     - Unarmed
rCold    + . .     Gourm    .   (no shield)
rNeg     + + +     Faith    .   a - +0 leather armour
rPois    ∞         Spirit   .   b - +0 helmet
rElec    .         Reflect  .   (no cloak)
rCorr    .         Harm     .   (no gloves)
MR       .....                  (no boots)
Stlth    +.........             (no amulet)
HPRegen  0.00/turn              (no ring)
MPRegen  0.09/turn              (no ring)

@: confused, rotting, slowed, very slow
A: rotting body, claws 1, carnivore, cold resistance 1, negative energy
resistance 3, inhibited regeneration, torment resistance, unbreathing
a: no special abilities


You were on level 2 of the Dungeon.
You were not hungry.

You visited 1 branch of the dungeon, and saw 6 of its levels.

You collected 119 gold pieces.

Inventory:

Missiles
 c - 3 throwing nets (quivered)
Armour
 a - a +0 leather armour (worn)
 b - a +0 helmet (worn)
Scrolls
 e - 2 scrolls of teleportation
 g - 2 scrolls of remove curse
 h - 2 scrolls of identify
 l - 2 scrolls of fog
Comestibles
 d - 4 rations
 f - 6 chunks of flesh


   Skills:
 + Level 3.6 Fighting
 + Level 3.1 Throwing
 + Level 3.6 Dodging
 + Level 4.5 Unarmed Combat


You had 4 spell levels left.
You didn't know any spells.
Your spell library was empty.

Dungeon Overview and Level Annotations

Branches:
Dungeon (6/15)
 Temple: D:4-7

Altars:
Dithmenos
Qazlal
Yredelemnul
The Shining One

Annotations:
D:2 1 runed translucent door, Crazy Yiuf, Sigmund


Innate Abilities, Weirdness & Mutations

Your body is rotting away.
You thrive on raw meat.
You are immune to poison.
You have sharp fingernails.
You are carnivorous and can eat meat at any time.
Your flesh is cold resistant. (rC+)
You are immune to negative energy. (rN+++)
You do not regenerate when monsters are visible.
You are immune to unholy pain and torment.
You can survive without breathing.


Message History

The hobgoblin barely misses you.
You barely miss Sigmund. Your claw misses Sigmund.
Sigmund is moderately wounded.
Sigmund casts a spell at you. The puff of flame hits you.
* * * LOW HITPOINT WARNING * * *
The hobgoblin barely misses you.
You barely miss Sigmund.
Sigmund is moderately wounded.
Sigmund closely misses you. The hobgoblin hits you.
* * * LOW HITPOINT WARNING * * *
You bump into the rock wall.
The hobgoblin barely misses you. Sigmund closely misses you.
You hear a zap.
You hear a grinding noise.
The hobgoblin closely misses you.
You scratch the hobgoblin.
The hobgoblin is moderately wounded.
Sigmund points at you and mumbles some strange words.
The magic dart hits you.
You die...

#....# #..... #....#
#..... #....#####♣♣
##..... ####....##.+..♣♣
....... ...............♣
#..... ####............
.#...(.#########...+...♣
...)...@........>..##♣♣♣
#.....@########...#
#....g.# #...#####
####...# #........
####...#### #..######
#.........## #...#
#.#######..# #...# # ##
#..# #...# ###
.#######..# #...# #..
#....'_'....####.#.###..


You could see Sigmund and a hobgoblin.

Vanquished Creatures
  A crimson imp (D:3)
  Natasha (D:2)
  5 adders
  4 oozes
  3 dart slugs (D:1)
  3 leopard geckos
  14 orcs
  A ball python (D:3)
  6 bats
  2 giant cockroaches (D:3)
  7 goblins
  8 hobgoblins
  4 jackals (D:3)
  3 kobolds
  6 frilled lizards
  6 rats
74 creatures vanquished.

Notes
Turn   | Place    | Note
-------+----------+-------------------------------------------
     0 | D:1      | Borgoz the Ghoul Gladiator began the quest for the Orb.
     0 | D:1      | Reached XP level 1. HP: 17/17 MP: 0/0
    44 | D:1      | Reached XP level 2. HP: 13/25 MP: 1/1
    85 | D:2      | Reached XP level 3. HP: 23/30 MP: 2/2
   134 | D:1      | Found a glowing golden altar of the Shining One.
   780 | D:2      | Noticed Sigmund
   852 | D:2      | Reached XP level 4. HP: 34/37 MP: 3/3
   915 | D:3      | Reached skill level 4 in Unarmed Combat
   945 | D:3      | You fall through a shaft for 3 floors!
   946 | D:6      | Noticed a phantom
   975 | D:5      | Entered Level 5 of the Dungeon
  1068 | D:5      | Noticed an ogre
  1250 | D:3      | Found a shadowy altar of Dithmenos.
  1359 | D:3      | Reached XP level 5. HP: 45/45 MP: 4/4
  1533 | D:3      | Found a stormy altar of Qazlal.
  1676 | D:2      | Found a runed translucent door.
  1677 | D:2      | Noticed Crazy Yiuf
  1706 | D:2      | Found a basalt altar of Yredelemnul.
  1715 | D:2      | Noticed Natasha
  1721 | D:2      | Killed Natasha
  1735 | D:2      | Killed from afar by Sigmund

Skill      XL: |  1  2  3  4  5 |
---------------+----------------+-----
Throwing       | 2 3 |  3.1
Dodging        | 3 |  3.6
Unarmed Combat | 4 |  4.5
Fighting       | 3 |  3.6

Action                   |  1- 3 |  4- 6 || total
-------------------------+-------+-------++-------
Melee: Unarmed           |   108 |   146 ||   254
       Punch             |     1 |     3 ||     4
  Use: Scroll            |       |     7 ||     7
       Potion            |       |     3 ||     3
  Eat: Chunk             |     8 |    24 ||    32
Armor: Leather armour    |    32 |    30 ||    62
Dodge: Dodged            |    74 |    98 ||   172
